 Dungeon Crawl Stone Soup version 0.18.1-48-g4cf74bf (webtiles) character file.

23942 tyrion the Carver (level 12, -11/98 HPs)
             Began as a Vampire Enchanter on Aug 2, 2016.
             Was a High Priest of Makhleb.
             Killed from afar by Frances (33 damage)
             ... with a shard of ice
             ... on level 13 of the Dungeon.
             The game lasted 00:39:55 (15791 turns).

tyrion the Carver (Vampire Enchanter)              Turns: 15791, Time: 00:39:55

Health: -11/98     AC:  9    Str:  8    XL:     12   Next: 76%
Magic:  11/19      EV: 16    Int: 19    God:    Makhleb [*****.]
Gold:   874        SH:  7    Dex: 21    Spells: 5 memorised, 2 levels left

rFire  . . .     SeeInvis +     w - +7 long sword of Righteous Fury {flame, Dex+4}
rCold  + . .     Gourm    .     o - +2 robe "Lokluh" {rN+ Regen+}
rNeg   + + .     Faith    .     i - +1 buckler
rPois  .         Spirit   .     (no helmet)
rElec  .         Dismiss  .     f - +2 cloak {MR+}
rCorr  .         Reflect  .     t - +0 pair of gloves
SustAt .         Harm     .     r - +0 pair of boots
MR     +++..                    n - amulet of regeneration
Stlth  +++.......               x - ring of wizardry
                                L - ring of protection from magic

@: extremely resistant to hostile enchantments, fairly stealthy
A: fangs 3, see invisible, cold resistance 1, unbreathing
a: Bat Form, Minor Destruction, Lesser Servant of Makhleb, Major Destruction,
Greater Servant of Makhleb, Renounce Religion


You were on level 13 of the Dungeon.
You worshipped Makhleb.
Makhleb was extremely pleased with you.
You were not thirsty.

You visited 2 branches of the dungeon, and saw 14 of its levels.

You collected 874 gold pieces.

Inventory:

Hand Weapons
 w - the +7 long sword of Righteous Fury (weapon) {flame, Dex+4}
   (You found it on level 4 of the Dungeon)

   It has been specially enchanted to burn those struck by it, causing extra
   injury to most foes and up to half again as much damage against particularly
   susceptible opponents.
   Big, fiery blades are also staple armaments of hydra-hunters.
   It affects your dexterity (+4).
Armour
 f - a +2 cloak of magic resistance (worn)
 i - a +1 buckler (worn)
 o - the +2 robe "Lokluh" (worn) {rN+ Regen+}
   (You found it on level 5 of the Dungeon)

   It protects you from negative energy.
   It increases your rate of regeneration.
 r - a +0 pair of boots (worn)
 t - a +0 pair of gloves (worn)
Jewellery
 n - an amulet of regeneration (around neck)
 p - an uncursed amulet of magic regeneration
 u - an uncursed ring of resist corrosion
 x - a ring of wizardry (right hand)
 L - a ring of protection from magic (left hand)
Wands
 j - a wand of flame (48/48)
 l - a wand of disintegration (16/24)
 q - a wand of lightning (7/15)
 s - a wand of lightning (10/15)
 y - a wand of flame (37/48)
 F - a wand of lightning (3/15)
Scrolls
 k - 2 scrolls of remove curse
 C - 3 scrolls of fog
 E - a scroll of teleportation
 H - a scroll of recharging
 N - 3 scrolls of fear
 O - a scroll of enchant armour
Potions
 a - a potion of ambrosia
 d - 20 potions of blood
 e - 4 potions of invisibility
 g - 3 potions of brilliance
 m - a potion of might
 v - a potion of cancellation
 z - 2 potions of haste
 A - a potion of magic
 B - a potion of cure mutation
 D - 4 potions of resistance
 G - a potion of agility
 I - 3 potions of flight
 K - a potion of curing
Books
 c - a book of Maledictions

   Spells                             Type                      Level
   a - Corona                         Hexes                        1
   b - Ensorcelled Hibernation        Hexes/Ice                    2
   c - Confuse                        Hexes                        3
   d - Tukima's Dance                 Hexes                        3
   e - Dazzling Spray                 Conjuration/Hexes            3
 h - a Necronomicon

   Spells                             Type                      Level
   a - Haunt                          Necromancy/Summoning         7
   b - Borgnjor's Revivification      Necromancy                   8
   c - Death's Door                   Charms/Necromancy            8
   d - Necromutation                  Transmutation/Necromancy     8
 J - a book of Debilitation

   Spells                             Type                      Level
   a - Corona                         Hexes                        1
   b - Slow                           Hexes                        2
   c - Gell's Gravitas                Hexes/Translocation          3
   d - Inner Flame                    Hexes/Fire                   3
   e - Cause Fear                     Hexes                        4
   f - Leda's Liquefaction            Hexes/Earth                  4


   Skills:
 * Level 10.4 Fighting
   Level 3.8(8.8) Short Blades
 * Level 11.1(11.4) Long Blades
 + Level 9.5 Dodging
 - Level 4.4 Stealth
 - Level 4.0 Shields
 - Level 2.0 Spellcasting
 - Level 4.4 Hexes
 * Level 9.9 Invocations


You had 2 spell levels left.
You knew the following spells:

 Your Spells              Type           Power        Failure   Level  Hunger
a - Corona                Hex            ###....      1%          1    #......
b - Ensorcelled Hibernat  Hex/Ice        ##....       4%          2    ###....
c - Confuse               Hex            ###.....     4%          3    ###....
d - Tukima's Dance        Hex            ###.....     4%          3    ###....
e - Cause Fear            Hex            ###.......   14%         4    #####..


Dungeon Overview and Level Annotations

Branches:
Dungeon (13/15)            Temple (1/1) D:5            Lair (0/8) D:10
    Orc (0/2) D:11
 Vaults: D:13-14

Altars:
Ashenzari
Cheibriados
Dithmenos
Elyvilon
Fedhas
Gozag
Kikubaaqudgha
Makhleb
Nemelex Xobeh
Okawaru
Pakellas
Qazlal
Ru
Sif Muna
Trog
Vehumet
Xom
Yredelemnul
Zin
The Shining One

Shops:
D:12 [

Annotations:
D:7 exclusion: killer bee
D:13 Frances


Innate Abilities, Weirdness & Mutations

You have razor-sharp teeth.
You have supernaturally acute eyesight.
You can survive without breathing.
Your flesh is cold resistant.


Message History

Confirm with . or Enter, or press ? or * to list all spells.
Aiming: Confuse
Press: ? - help, Shift-Dir - straight line, f/p - Frances
Aim: Frances, wielding a dire flail and wearing a ring mail (severely wounded, fast, misshapen and mutated, chance to defeat MR: 1%) Frances resists with almost no effort.
Frances says, "I command an army of devils.
What do you command?"
Casting: Confuse
Confirm with . or Enter, or press ? or * to list all spells.
Aiming: Confuse
Press: ? - help, Shift-Dir - straight line, f/p - Frances
Aim: Frances, wielding a dire flail and wearing a ring mail (severely wounded, fast, misshapen and mutated, chance to defeat MR: 1%) Frances resists with almost no effort.
The chaos spawn gives a chilling moan.
Frances mutters in a terrible tongue.
Frances whispers indecipherable words.
The iron shot hits you!
* * * LOW HITPOINT WARNING * * *
There is an escape hatch in the ceiling here.
Frances chants phrases taken from a devil's mouth.
The shard of ice hits you! You partially resist.
You die...

##### ...#
###.#############
##
#....@.@.##.....#
#####.
#.#.####.##.....#
#..... #.#.#
.##..(.†###.####
#.#.#
.##.....'...#
#.#@#
.##..)..#####
#.#3# ..+.....#
#..4# ###.....#
#.### ###'### #.#
#..#


You could see Frances.

Vanquished Creatures
  A tengu warrior (D:13)
  The ghost of Flaot the Transmogrifier, a novice DrTm of Sif Muna (D:10)
  Nergalle (D:11)
  A hill giant (D:10)
  3 ugly things
  2 cyclopes
  The ghost of bnns the Firebug, a novice OpFE (D:6)
  Psyche (D:8)
  Maurice (D:8)
  2 centaur zombies
  3 gargoyles
  The ghost of Gadfly the Ruffian, an amateur HOMo (D:5)
  A troll (D:10)
  2 two-headed ogres
  2 slime creatures (D:11)
  4 wyverns
  A wraith (D:12)
  Eustachio (D:6)
  2 shadows (D:12)
  21 yaks
  A hill giant zombie (D:11)
  5 vampire mosquitoes (D:12)
  3 hungry ghosts (D:11)
  2 hippogriffs
  Grum (D:8)
  A warg (D:10)
  Menkaure (D:7)
  A soldier ant (D:10)
  A water moccasin (D:6)
  5 sky beasts
  3 orc warriors
  4 ice beasts
  A black bear (D:8)
  A phantom (D:11)
  6 ogres
  3 necrophages
  3 eyes of draining
  5 centaurs
  4 wolves (D:8)
  A crocodile (D:12)
  7 giant frogs
  4 big kobolds
  A wyvern zombie (D:10)
  A wyvern skeleton (D:6)
  6 scorpions
  7 killer bees
  4 wights (D:9)
  A howler monkey (D:9)
  4 crimson imps
  5 hounds
  2 quasits
  7 orc priests
  7 jellies
  Crazy Yiuf (D:3)
  3 centaur skeletons
  2 giant frog skeletons
  2 gnoll shamans
  2 iguanas (D:7)
  12 orc wizards
  7 worker ants
  4 ogre zombies (D:11)
  4 sheep (D:13)
  A hound skeleton (D:11)
  Robin (D:2)
  A worker ant zombie (D:5)
  8 gnolls
  10 adders
  2 shadow imps
  An ooze (D:1)
  2 adder zombies
  4 adder skeletons
  3 worms
  2 dart slugs (D:2)
  4 giant geckos
  34 orcs
  4 giant cockroaches (D:3)
  7 hobgoblins
  7 jackals
  6 quokkas
  A ball python skeleton (D:4)
  4 bats
  4 giant newts
  10 goblins
  3 goblin zombies (D:11)
  A hobgoblin skeleton (D:11)
  2 hobgoblin zombies (D:11)
  24 kobolds
  An orc skeleton (D:11)
  12 orc zombies (D:11)
  3 rats
359 creatures vanquished.

Vanquished Creatures (collateral kills)
  The ghost of bnns the Cleaver, a journeyman MiBe of Trog (D:12)
  Erolcha (D:13)
  A tengu warrior (D:13)
  The ghost of Oblit the Chopper, a novice DgFi (D:9)
  A cyclops (D:13)
  A manticore (D:13)
  4 yaks
  A wight (D:9)
  A worker ant (D:13)
12 creatures vanquished.

Grand Total: 371 creatures vanquished

Notes
Turn   | Place    | Note
--------------------------------------------------------------
     0 | D:1      | tyrion the Vampire Enchanter began the quest for the Orb.
     0 | D:1      | Reached XP level 1. HP: 13/13 MP: 3/3
   443 | D:1      | Reached XP level 2. HP: 20/20 MP: 5/5
  1035 | D:2      | Learned a level 2 spell: Ensorcelled Hibernation
  1132 | D:2      | You fall through a shaft!
  2569 | D:3      | Noticed Crazy Yiuf
  2599 | D:3      | Killed Crazy Yiuf
  2599 | D:3      | Reached skill level 1 in Fighting
  2599 | D:3      | Reached skill level 1 in Shields
  2599 | D:3      | Reached XP level 3. HP: 13/26 MP: 3/6
  2643 | D:3      | Reached XP level 4. HP: 25/32 MP: 7/7
  2936 | D:2      | Found a snail-covered altar of Cheibriados.
  2938 | D:2      | Found a burning altar of Makhleb.
  2977 | D:2      | Noticed Robin
  2995 | D:2      | Killed Robin
  3520 | D:2      | Learned a level 3 spell: Confuse
  3561 | D:2      | Found an iron altar of Okawaru.
  3565 | D:2      | Found a bloodstained altar of Trog.
  4758 | D:3      | Reached XP level 5. HP: 36/37 MP: 3/8
  5536 | D:4      | Reached XP level 6. HP: 44/44 MP: 9/9
  5741 | D:4      | Got an encrusted long sword
  5742 | D:4      | Identified the +7 long sword of Righteous Fury {flame, Dex+4} (You found it on level 4 of the Dungeon)
  5866 | D:4      | Learned a level 3 spell: Tukima's Dance
  5924 | D:4      | Found a white marble altar of Elyvilon.
  5924 | D:4      | Found a shadowy altar of Dithmenos.
  6104 | D:5      | Entered Level 5 of the Dungeon
  6146 | D:5      | Reached skill level 1 in Long Blades
  6206 | D:5      | Noticed Gadfly's ghost (amateur HOMo)
  6251 | D:5      | Killed Gadfly's ghost
  6251 | D:5      | Reached skill level 2 in Long Blades
  6251 | D:5      | Reached XP level 7. HP: 5/51 MP: 3/10
  6741 | D:5      | Found a staircase to the Ecumenical Temple.
  6750 | Temple   | Entered the Ecumenical Temple
  6927 | D:5      | Got a faintly glowing robe
  6938 | D:5      | Identified the +2 robe "Lokluh" {rN+ Regen+} (You found it on level 5 of the Dungeon)
  7287 | D:4      | Reached skill level 3 in Long Blades
  7352 | D:2      | Became a worshipper of Makhleb the Destroyer
  7470 | D:5      | Reached skill level 1 in Invocations
  7495 | D:5      | Reached XP level 8. HP: 42/58 MP: 7/11
  7832 | D:6      | Reached skill level 4 in Long Blades
  7832 | D:6      | Reached skill level 5 in Dodging
  7869 | D:6      | Noticed bnns's ghost (novice OpFE)
  7906 | D:6      | Killed bnns's ghost
  8187 | D:6      | Reached * piety under Makhleb
  8187 | D:6      | Reached skill level 5 in Long Blades
  8219 | D:6      | Noticed Eustachio
  8225 | D:6      | Killed Eustachio
  8225 | D:6      | Reached XP level 9. HP: 57/67 MP: 12/12
  8299 | D:6      | Reached skill level 5 in Fighting
  8590 | D:7      | Noticed Menkaure
  8621 | D:7      | Killed Menkaure
  8965 | D:7      | Reached skill level 6 in Long Blades
  8965 | D:7      | Reached skill level 5 in Invocations
  9053 | D:7      | Reached ** piety under Makhleb
 10022 | D:8      | Noticed Grum
 10039 | D:8      | Killed Grum
 10046 | D:8      | Reached XP level 10. HP: 71/76 MP: 5/14
 10057 | D:8      | Reached skill level 7 in Long Blades
 10084 | D:8      | Learned a level 4 spell: Cause Fear
 10167 | D:8      | Noticed Maurice
 10187 | D:8      | Killed Maurice
 10265 | D:8      | Noticed Psyche
 10269 | D:8      | Reached *** piety under Makhleb
 10285 | D:8      | Killed Psyche
 10743 | D:9      | Found a shimmering altar of Xom.
 11023 | D:9      | Noticed Oblit's ghost (novice DgFi)
 11070 | D:9      | Killed Oblit's ghost
 11070 | D:9      | Reached skill level 8 in Long Blades
 11117 | D:9      | Found a glowing golden altar of the Shining One.
 11558 | D:10     | Entered Level 10 of the Dungeon
 11563 | D:10     | Reached **** piety under Makhleb
 11613 | D:10     | Reached XP level 11. HP: 86/86 MP: 16/16
 11755 | D:10     | Gained mutation: Your flesh is cold resistant. [potion of beneficial mutation]
 11822 | D:10     | Noticed Flaot's ghost (novice DrTm)
 11823 | D:10     | Found a staircase to the Lair.
 12200 | D:10     | Noticed a hill giant
 12223 | D:10     | Killed a hill giant
 12337 | D:10     | Killed Flaot's ghost
 12337 | D:10     | Reached skill level 9 in Long Blades
 12461 | D:11     | Noticed Nergalle
 12461 | D:11     | Noticed a white ugly thing
 12473 | D:11     | Noticed a red ugly thing
 12494 | D:11     | Killed a white ugly thing
 12751 | D:11     | Killed Nergalle
 12757 | D:11     | Killed a red ugly thing
 13498 | D:11     | Reached ***** piety under Makhleb
 13500 | D:11     | Found a staircase to the Orcish Mines.
 13505 | D:11     | Noticed a balrug
 13892 | D:11     | Reached skill level 10 in Long Blades
 14171 | D:12     | Reached XP level 12. HP: 95/95 MP: 18/18
 14267 | D:12     | Noticed bnns's ghost (journeyman MiBe)
 14353 | D:12     | Killed bnns's ghost
 14465 | D:12     | Found Woariof Idyrph's Armour Emporium.
 15197 | D:13     | Reached skill level 10 in Fighting
 15334 | D:13     | Noticed Erolcha
 15381 | D:13     | Killed Erolcha
 15392 | D:13     | Noticed a tengu warrior
 15392 | D:13     | Noticed a tengu warrior
 15397 | D:13     | Killed a tengu warrior
 15400 | D:13     | Killed a tengu warrior
 15431 | D:13     | Reached skill level 11 in Long Blades
 15772 | D:13     | Noticed Frances
 15791 | D:13     | Killed from afar by Frances

Skill      XL: |  1  2  3  4  5  6  7  8  9 10 11 12 |
---------------+-------------------------------------+-----
Short Blades   | 2 3 |  3.8
Fighting       | 1 2 3 4 6 7 9 10 | 10.4
Dodging        | 3 4 5 6 7 8 9 |  9.5
Shields        | 1 2 3 4 |  4.0
Long Blades    | 2 3 5 6 8 10 11 | 11.1
Invocations    | 1 3 5 7 9 |  9.9
Stealth        | |  4.4
Spellcasting   | |  2.0
Hexes          | |  4.4

Action                   |  1- 3 |  4- 6 |  7- 9 | 10-12 || total
-------------------------+-------+-------+-------+-------++-------
Melee: Dagger            |    56 |   109 |       |       ||   165
       Bite              |     4 |    22 |    22 |   109 ||   157
       Short sword       |       |   100 |       |       ||   100
       Long sword        |       |    40 |   231 |   813 ||  1084
 Cast: Ensorcelled Hiber |     1 |    19 |     3 |     3 ||    26
       Confuse           |       |     4 |    25 |    25 ||    54
Invok: Lesser Servant of |       |       |       |     8 ||     8
       Greater Servant o |       |       |       |     2 ||     2
 Abil: End Transformatio |       |       |       |     2 ||     2
       Bat Form          |       |       |       |     2 ||     2
  Use: Potion            |       |     5 |     1 |     3 ||     9
       Scroll            |       |     2 |    12 |    17 ||    31
 Stab: Sleeping          |     8 |    21 |    11 |    16 ||    56
       Distracted        |     1 |     1 |     3 |     8 ||    13
       Confused          |       |     1 |     8 |    18 ||    27
  Eat: Corpse            |       |     7 |     5 |    13 ||    25
Armor: Robe              |     9 |    44 |    32 |   111 ||   196
Dodge: Dodged            |    23 |   140 |   166 |   519 ||   848
Block: Buckler           |       |       |    57 |   242 ||   299
